 Dungeon Crawl Stone Soup version 0.27-a0-1200-g94dc6ad4cf (webtiles) character file.

Game seed: 10756780316230614237

1905 mandarbmax the Thaumaturge (level 9, -3/55 HPs)
             Began as a Djinni Fire Elementalist on May 31, 2021.
             Was a Follower of Ashenzari.
             Slain by a boulder beetle (42 damage)
             ... on level 6 of the Dungeon.
             The game lasted 00:17:15 (9608 turns).

mandarbmax the Thaumaturge (DjFE)                   Turns: 9608, Time: 00:17:16

Health: -3/55      AC:  9    Str:  7    XL:     9   Next: 38%
Gold:   409        EV: 12    Int: 20    God:    Ashenzari [*.....] SH:  0 Dex: 14

rFire    + + .     SeeInvis .   g - staff of conjuration
rCold    . . .     Faith    .   (no shield)
rNeg     . . .     Spirit   .   a - +0 robe
rPois    ∞         Reflect  .   (no helmet)
rElec    .         Harm     .   t - +2 cloak of Ashenzari's Affliction {Melee, Self} (curse)
rCorr    .         Rampage  .   (no gloves)
Will     .....                  (boots unavailable)
Stlth    ++........             (no amulet)
HPRegen  0.18/turn              s - ring of Ashenzari's Disgust {AC+4, Evo, Fort} (curse)
MPRegen  0.00/turn              h - ring of protection from cold

@: flying
A: sickness immunity, fire resistance 2, cold vulnerability 1, float, innate
caster, hp casting, extra vitality 1
a: Renounce Religion, Shatter the Chains


You were on level 6 of the Dungeon.
You worshipped Ashenzari.
Ashenzari was aware of your devotion.
You visited 2 branches of the dungeon, and saw 7 of its levels.
You also visited: Sewer.

You collected 409 gold pieces.

Inventory:

Hand Weapons
 e - a +0 short sword
Armour
 a - a +0 robe (worn)
 t - the cursed +2 cloak of Ashenzari's Affliction (worn) {Melee, Self}
   (You found it on level 4 of the Dungeon)

   It has a curse which improves the following skills: Melee Combat: Short
   Blades, Long Blades, Axes, Maces & Flails, Polearms, Staves and Unarmed
   Combat.
   Introspection: Fighting and Spellcasting.
Magical Staves
 g - a staff of conjuration (weapon)
Jewellery
 h - a ring of protection from cold (right hand)
 s - the cursed ring of Ashenzari's Disgust (left hand) {AC+4, Evo, Fort}
   (You found it on level 4 of the Dungeon)

   [ring of protection]

   It affects your AC (+4).
   It has a curse which improves the following skills: Evocations: Evocations.
   Fortitude: Armour and Shields.
 u - an amulet of the acrobat
Wands
 q - a wand of iceblast (19)
Scrolls
 b - 4 scrolls of magic mapping
 d - 2 scrolls of silence
 i - 5 scrolls of teleportation
 j - a scroll of enchant weapon
 k - 2 scrolls of fear
 n - 3 scrolls of fog
 r - 2 scrolls of blinking
Potions
 c - 4 potions of might
 f - 2 potions of cancellation
 l - 6 potions of brilliance
 m - 2 potions of heal wounds
 o - 4 potions of attraction
 p - 4 potions of curing


   Skills:
 - Level 2.1 Dodging
 - Level 1.5 Stealth
 * Level 8.6(9.6) Spellcasting
 + Level 4.3(5.3) Evocations


You had 3 spell levels left.
You knew the following spells:

 Your Spells              Type           Power      Damage    Failure   Level
a - Foxfire               Conj/Fire      100%       2x1d9     1%          1
b - Conjure Flame         Conj/Fire      64%        6-21      1%          3
c - Inner Flame           Hex/Fire       48%        N/A       1%          3
d - Sticky Flame          Conj/Fire      64%        2d8       1%          4
e - Fireball              Conj/Fire      32%        3d14      3%          5
f - Pain                  Necr           100%       1d9       1%          1
g - Blink                 Tloc           N/A        N/A       1%          2
h - Static Discharge      Conj/Air       64%        N/A       1%          2
i - Stone Arrow           Conj/Erth      100%       3d13      1%          3
Your spell library was empty.

Dungeon Overview and Level Annotations

Branches:
Dungeon (6/15)             Temple (1/1) D:4           Sewer (visited)

Altars:
Ashenzari
Dithmenos
Elyvilon
Fedhas
Gozag
Hepliaklqana
Kikubaaqudgha
Makhleb
Nemelex Xobeh
Okawaru
Qazlal
Ru
Sif Muna
Trog
Uskayaw
Vehumet
Wu Jian
Xom
Yredelemnul
Zin
The Shining One
Beogh

Shops:
D:1 *

Annotations:
D:3 3 runed translucent doors, Nolbo's ghost, amateur DgEE; pistachioham's ghost, amateur GnAM


Innate Abilities, Weirdness & Mutations

You are immune to sickness and miasma.
You are immune to poison.
Your flesh is very heat resistant. (rF++)
You are vulnerable to cold. (rC-)
You float through the air rather than walking.
You learn spells naturally, not from books.
Your magical power is your life essence.
You have superior vitality. (+4 HP)


Message History

You feel a surge of power!
You conjure some foxfire!
The foxfire hits the ogre!
You kill the ogre!
You feel a surge of power!
You conjure some foxfire!
You feel a surge of power!
You conjure some foxfire!
Your foxfire dissipates! x2
Your foxfire dissipates! x2
Your foxfire dissipates!
Your foxfire dissipates! x2
A boulder beetle is nearby!
You feel a surge of power!
You conjure some foxfire!
You feel a surge of power!
You conjure some foxfire!
The foxfire hits the boulder beetle but does no damage.
The boulder beetle curls into a ball and begins rolling!
You feel a surge of power!
You conjure some foxfire!
The foxfire hits the boulder beetle but does no damage.
The foxfire hits the boulder beetle.
The boulder beetle is lightly wounded.
The foxfire hits the boulder beetle but does no damage.
The boulder beetle is lightly wounded.
You feel a surge of power!
You conjure some foxfire!
The foxfire hits the boulder beetle but does no damage.
The boulder beetle is lightly wounded.
The foxfire hits the boulder beetle.
The boulder beetle is lightly wounded.
Casting: Foxfire (safe; 1% risk of failure)
Confirm with . or Enter, or press ? or * to list all spells.
Aiming: Sticky Flame (dangerous; 1% risk of failure)
Press: ? - help, Shift-Dir - straight line, f - boulder beetle
Aim: a boulder beetle (lightly wounded, rolling, ally target, 100% to hit)
You feel a surge of power!
The sticky flame hits the boulder beetle but does no damage.
The boulder beetle is lightly wounded.
The boulder beetle is covered in liquid flames!
The boulder beetle burns!
The foxfire hits the boulder beetle.
The boulder beetle is lightly wounded.
The foxfire hits the boulder beetle but does no damage.
The boulder beetle is lightly wounded.
The boulder beetle hits you!!!
Ouch! That really hurt!
You die...

#####.#......#####........##
#.
...........................#
#.
#####.#.#.#[#######...........
.. #.#°#.....#.............##
#.#...#'#.................
#....##.##°..............#
#....#...#.°...........#.#
#...#######§B..........#.#
####...#.....#§@....#####.#
#......#.....'.§....#
#.....#########).#'##
##.....#..... #..#.#
....§..†...... #.##.#
##.....#...... #.##.#
#.....#########.##.# ####...#
+..##.###### #...#
#.†...)...?.)


You could see a boulder beetle (rolling, burning).

Vanquished Creatures
  A yak (D:6)
  A water moccasin (D:6)
  A hornet zombie (D:6)
  A sky beast (D:5)
  2 ogres
  A phantom (D:6)
  A kobold brigand (D:4)
  2 bullfrogs (Sewer)
  2 scorpions (D:6)
  4 wights (D:6)
  3 bullfrog zombies
  A hound (D:4)
  2 orc priests
  A jelly (D:6)
  An iguana (D:3)
  Jessica (D:3)
  Terence (D:2)
  2 orc wizards (D:4)
  A hound zombie (D:5)
  7 gnolls
  A howler monkey skeleton (D:4)
  15 adders
  3 river rats (Sewer)
  2 ufetubi
  2 dart slugs
  A worm (D:3)
  3 orcs
  6 endoplasms
  3 giant cockroaches
  8 hobgoblins
  7 jackals
  5 quokkas
  15 ball pythons
  4 bats
  8 frilled lizards
  12 goblins
  30 kobolds
  27 rats
188 creatures vanquished.

Vanquished Creatures (collateral kills)
  2 foxfires (D:4)
2 creatures vanquished.

Vanquished Creatures (others)
  927 foxfires
  66 plants (D:4)
993 creatures vanquished.

Grand Total: 1183 creatures vanquished

Notes
Turn   | Place    | Note
-------+----------+-------------------------------------------
     0 | D:1      | mandarbmax the Djinni Fire Elementalist began the quest for
                  | the Orb.
     0 | D:1      | Reached XP level 1. HP: 15/15 MP: 0/0
   319 | D:1      | Found Ageta's General Store.
   451 | D:1      | Reached XP level 2. HP: 18/21 MP: 0/0
   860 | D:1      | Reached skill level 3 in Spellcasting
   975 | D:1      | Reached XP level 3. HP: 16/25 MP: 0/0
   975 | D:1      | Learned a level 1 spell: Pain
  1966 | D:2      | Noticed Terence
  1971 | D:2      | Killed Terence
  1972 | D:2      | Reached XP level 4. HP: 27/31 MP: 0/0
  2147 | D:2      | Found a faded altar of an unknown god.
  2530 | D:2      | Reached skill level 4 in Spellcasting
  2769 | D:2      | Reached XP level 5. HP: 17/35 MP: 0/0
  2769 | D:2      | Learned a level 2 spell: Blink
  3926 | D:3      | Found a runed translucent gate.
  3926 | D:3      | Found a runed translucent gate.
  3926 | D:3      | Found a runed translucent gate.
  3927 | D:3      | Noticed pistachioham's ghost (amateur GnAM)
  3928 | D:3      | Noticed Nolbo's ghost (amateur DgEE)
  4050 | D:3      | Noticed Jessica
  4056 | D:3      | Killed Jessica
  4198 | D:3      | Reached XP level 6. HP: 35/40 MP: 0/0
  4817 | D:4      | Found a bloodstained altar of Trog.
  4928 | D:4      | Found a staircase to the Ecumenical Temple.
  4937 | Temple   | Entered the Ecumenical Temple
  4979 | Temple   | Became a worshipper of Ashenzari the Shackled
  5056 | D:4      | Found a glowing drain.
  5060 | Sewer    | Entered a sewer
  5180 | Sewer    | Reached skill level 5 in Spellcasting
  5807 | Sewer    | Reached XP level 7. HP: 40/45 MP: 0/0
  5807 | Sewer    | Learned a level 2 spell: Static Discharge
  5812 | Sewer    | Reached skill level 6 in Spellcasting
  6312 | D:4      | Found a white marble altar of Elyvilon.
  6733 | D:4      | Found an iron altar of Okawaru.
  7428 | D:4      | Reached XP level 8. HP: 28/50 MP: 0/0
  8018 | D:4      | Reached skill level 7 in Spellcasting
  8105 | D:5      | Entered Level 5 of the Dungeon
  8239 | D:5      | Reached skill level 1 in Evocations
  8297 | D:5      | Reached * piety under Ashenzari
  9031 | D:6      | Reached skill level 8 in Spellcasting
  9031 | D:6      | Reached XP level 9. HP: 53/55 MP: 0/0
  9031 | D:6      | Learned a level 3 spell: Stone Arrow
  9059 | D:6      | Noticed a boulder beetle
  9608 | D:6      | Slain by a boulder beetle

Illustrated notes

Levels and vault maps discovered:
D:1:      zaba_arrival_water, layout_loops_corners, serial_shops, shop,
          st_stairs_11
D:2:      layout_basic, ebering_ecumenical_altar_webs, minivault_27,
          hangedman_decor_opposing, small_statue_intersection, hex_medium,
          grunt_ministairs_2, minmay_misc_feat_secret_circle,
          corexii_hall_statues_s, minmay_fountain_box, uniq_terence
D:3:      layout_basic, gammafunk_ghost_cemetery, uniq_jessica
D:4:      kennysheep_kobold_camp, layout_loops_corners,
          nicolae_elyvilon_temple_path, kennysheep_okawaru_gauntlet,
          lemuel_doored_altar, temple_fountains, gup_sewer_entry_bowl,
          grunt_ministairs_14, kennysheep_orc_chapel
D:5:      layout_cave_pools
D:6:      layout_basic, ebering_ghost_disaster_area, minmay_divided_ellipse
Temple:   compressed_dpeg_circular_temple

Skill      XL: |  1  2  3  4  5  6  7  8  9 |
---------------+----------------------------+-----
Spellcasting   | 3 4 5 6 8 |  8.6
Evocations     | 3 4 |  4.3
Dodging        | |  2.1
Stealth        | |  1.5

Action                   |  1- 3 |  4- 6 |  7- 9 || total
-------------------------+-------+-------+-------++-------
Melee: Unarmed           |     2 |       |       ||     2
       Short sword       |       |     1 |       ||     1
       Staff             |       |       |     5 ||     5
 Cast: Foxfire           |    70 |   230 |   244 ||   544
       Fireball          |       |     3 |     9 ||    12
       Sticky Flame      |       |       |     7 ||     7
Invok: Curse Item        |       |       |     2 ||     2
  Use: Scroll            |       |     8 |     3 ||    11
       Potion            |       |       |     1 ||     1
 Stab: Sleeping          |       |       |     1 ||     1
Armor: Robe              |     1 |     1 |     7 ||     9
Dodge: Dodged            |    10 |     8 |    16 ||    34

Table legend: (Time is in decaauts)
 A = Elapsed time spent in this place.
 B = Non-inter-level travel time spent in this place.
 C = Inter-level travel time spent in this place.
 D = Time resting spent in this place.
 E = Time spent auto-exploring this place.
 F = Levels seen in this place.
 G = Mean time per level.
                   A        B        C        D        E       F      G
               +--------+--------+--------+--------+--------+-----+--------+
         Total |   9608 |   9369 |    239 |   1152 |   6874 |   8 | 1201.0 |
       Dungeon |   8609 |   8370 |    239 |   1152 |   6049 |   6 | 1434.8 |
        Temple |     62 |     62 |      0 |      0 |      0 |   1 |   62.0 |
         Sewer |    935 |    935 |      0 |      0 |    825 |   1 |  935.0 |
               +--------+--------+--------+--------+--------+-----+--------+

Top non-repeatable levels by time:
     D:4: 2354 daAuts
     D:2: 1788 daAuts
     D:1: 1537 daAuts
     D:3: 1424 daAuts
   Sewer: 935 daAuts
     D:5: 923 daAuts
     D:6: 581 daAuts
  Temple: 62 daAuts
